 Dungeon Crawl Stone Soup version 0.30.1 (webtiles) character file.

Game seed: 9851412268359383006

53 safid the Chiller (level 3, -2/27 HPs)
             Began as a Merfolk Ice Elementalist on July 10, 2023.
             Slain by Pargi (6 damage)
             ... on level 3 of the Dungeon.
             The game lasted 00:02:52 (1563 turns).

safid the Chiller (Merfolk Ice Elementalist)        Turns: 1563, Time: 00:02:53

Health: -2/27      AC:  3    Str:  8    XL:     3   Next: 87%
Magic:  7/7        EV: 12    Int: 16    God:
Gold:   103        SH:  0    Dex: 14    Spells: 0/7 levels left

rFire   . . .        j - +1 dagger (holy)
rCold   . . .        (no shield)
rNeg    . . .        a - +0 robe
rPois   .            (no helmet)
rElec   .            (no cloak)
rCorr   .            (no gloves)
SInv    .            e - +0 pair of boots
Will    .....        (no amulet)
Stlth   ++           (no ring)
HPRegen 0.24/turn    (no ring)
MPRegen 0.10/turn

%: no passive effects
@: no status effects
A: (nimble swimmer 2), mertail
a: no special abilities


You were on level 3 of the Dungeon.
You visited 1 branch of the dungeon, and saw 3 of its levels.

You collected 103 gold pieces.

Inventory:

Hand Weapons
 j - a +1 dagger of holy wrath (weapon)
Armour
 a - a +0 robe (worn)
 e - a +0 pair of boots (worn)
Scrolls
 d - a scroll of vulnerability {unknown}
 f - a scroll of fog {unknown}
 h - 2 scrolls of teleportation {unknown}
 i - a scroll of blinking {unknown}
 k - a scroll of fear {unknown}
 l - a scroll of magic mapping {unknown}
 m - a scroll of identify {unknown}
Potions
 c - 2 potions of cancellation {unknown}
 g - 2 potions of curing {unknown}


   Skills:
 + Level 2.0 Fighting
 - Level 2.6 Dodging
 - Level 2.1 Stealth
 + Level 2.7 Spellcasting
 + Level 4.9 Ice Magic


You couldn't memorise any spells.
You knew the following spells:

 Your Spells              Type           Power      Damage    Failure   Level
a - Freeze                Ice            72%        1d8       2%          1
b - Frozen Ramparts       Ice            36%        1d6       8%          3
c - Ozocubu's Armour      Ice            18%        N/A       8%          3

Your spell library contained the following spells:

 Spells                   Type           Power      Damage    Failure   Level
 Blink                    Tloc           4%         N/A       28%         2
 Lesser Beckoning         Tloc           4%         N/A       28%         2
 Momentum Strike          Conj/Tloc      4%         3d8       28%         2
 Summon Ice Beast         Ice/Summ       10%        N/A       56%         4
 Summon Forest            Summ/Tloc      1%         N/A       99%         5
 Eringya's Noxious Bog    Tmut/Pois      1%         N/A       100%        6
 Summon Hydra             Summ           1%         N/A       100%        7
 Borgnjor's Revivificati  Necr           1%         N/A       100%        8
 Necromutation            Tmut/Necr      1%         N/A       100%        8
 Death's Door             Necr           1%         N/A       100%        9


Dungeon Overview and Level Annotations

Branches:
Dungeon (3/15)

Altars:

Annotations:
D:3 Pargi


Innate Abilities, Weirdness & Mutations

((You are very nimble when in or above water. (Stealth+, EV+, Speed+++)))
Your lower body shifts to a powerful aquatic tail in water.


Message History

The walls around you are covered in ice.
The wall freezes Pargi.
The wall freezes Pargi but does no damage.
You hit Pargi.
Pargi is lightly wounded.
The wall freezes Pargi.
Pargi bites you. Pargi completely misses you.
Pargi claws you but does no damage.
Unknown command.
You hit Pargi.
Pargi is moderately wounded.
The wall freezes Pargi but does no damage.
Pargi barely misses you. x3
You hit Pargi.
Pargi is moderately wounded.
The wall freezes Pargi.
Pargi bites you! Pargi claws you. Pargi misses you.
You barely miss Pargi.
Pargi is moderately wounded.
The wall freezes Pargi.
Pargi barely misses you. Pargi closely misses you. Pargi claws you.
Your magical contamination has completely faded away.
You hit Pargi.
Pargi is heavily wounded.
The wall freezes Pargi.
Pargi barely misses you. Pargi claws you. x2
You completely miss Pargi.
Pargi is heavily wounded.
The wall freezes Pargi.
Pargi bites you. Pargi claws you.
* * * LOW HITPOINT WARNING * * *
Pargi barely misses you.
Casting: Frozen Ramparts (quite dangerous; 8% risk of failure)
Confirm with . or Enter, or press ? or * to list all spells.
Aiming: Freeze (safe; 2% risk of failure)
Press: ? - help, Shift-Dir - straight line, f - Pargi
Aim: Pargi (severely wounded)
You freeze Pargi.
Pargi is severely wounded.
The frozen ramparts melt away.
Pargi bites you but does no damage. Pargi misses you. Pargi claws you.
* * * LOW HITPOINT WARNING * * *
Magic courses through your body. Pargi bites you.
You die...

#.... +....######
#.........#
#.......# #.....#
#...# #'# #T# #@#
##.## ##...##
#.....# ##...##
########.#######.
.....>.#.........
#...########
###.#


You could see Pargi.

Vanquished Creatures
  An adder (D:2)
  2 worms (D:2)
  2 dart slugs
  4 ball pythons
  An endoplasm (D:1)
  A giant cockroach (D:1)
  A goblin (D:3)
  3 hobgoblins
  2 jackals (D:2)
  3 quokkas (D:1)
  2 bats
  3 frilled lizards
  6 kobolds
  5 rats
36 creatures vanquished.

Notes
Turn   | Place    | Note
-------+----------+-------------------------------------------
     0 | D:1      | safid the Merfolk Ice Elementalist began the quest for the
                  | Orb.
     0 | D:1      | Reached XP level 1. HP: 13/13 MP: 3/3
   140 | D:1      | Reached XP level 2. HP: 19/20 MP: 5/5
   193 | D:1      | Reached skill level 1 in Fighting
   762 | D:2      | Reached XP level 3. HP: 18/26 MP: 4/6
   884 | D:2      | Found a faded altar of an unknown god.
   889 | D:2      | Learned a level 3 spell: Frozen Ramparts
   893 | D:2      | Learned a level 3 spell: Ozocubu's Armour
  1548 | D:3      | Noticed Pargi
  1563 | D:3      | Slain by Pargi

Illustrated notes

Levels and vault maps discovered:
D:1:      scummos_arrival_star, layout_rooms
D:2:      layout_basic, hellmonk_ecumenical_altar_crossroads,
          minmay_misc_feat_chi
D:3:      minmay_bubble_buster, layout_loops_corners,
          nicolae_overflow_ecumenical_swirl, eino_curves_03, uniq_pargi

Skill      XL: |  1  2  3 |
---------------+----------+-----
Fighting       | 1 2 |  2.0
Dodging        | |  2.6
Stealth        | |  2.1
Spellcasting   | |  2.7
Ice Magic      | |  4.9

Action                     || total
---------------------------++-------
  Melee: Short sword       ||    20
         Unarmed           ||     1
         Dagger            ||    36
         Punch             ||     1
   Cast: Freeze            ||    41
         Frozen Ramparts   ||     1
    Use: Potion            ||     1
   Stab: Sleeping          ||     5
 Armour: Robe              ||    12
  Dodge: Dodged            ||    51
